% Time on Ice - ANCHORAGE ACES
Lines # - Real PCT - Wanted PCT - Time Play
Normal Forward
1 - 32% - 36% - 17:56
2 - 35% - 34% - 19:14
3 - 24% - 25% - 13:33
4 - 8% - 5% - 4:36
Normal Defense
1 - 34% - 33% - 18:37
2 - 34% - 33% - 18:36
3 - 33% - 33% - 18:06
4 - 0% - 1% - 0:00
PP Forward
1 - 48% - 55% - 0:15
2 - 52% - 45% - 0:16
PP Defense
1 - 100% - 55% - 0:31
2 - 0% - 45% - 0:00
PK Forward
1 - 49% - 55% - 0:58
2 - 51% - 45% - 1:01
PK Defense
1 - 51% - 55% - 1:01
2 - 49% - 45% - 0:58
PK3 Forward
1 - 0% - 55%
2 - 0% - 45%
PK3 Defense
1 - 0% - 55%
2 - 0% - 45%
44 Forward
1 - 71% - 55% - 1:24
2 - 29% - 45% - 0:35
44 Defense
1 - 71% - 55% - 1:24
2 - 29% - 45% - 0:35
Last Minute Offensive  - 0:00
Last Minute Defensive  - 0:12
Total
Forward - 60:00
Defense - 60:00
% Time on Ice - SACRAMENTO BANDITS
Lines # - Real PCT - Wanted PCT - Time Play
Normal Forward
1 - 38% - 38% - 21:05
2 - 33% - 32% - 18:34
3 - 19% - 20% - 10:49
4 - 9% - 10% - 5:03
Normal Defense
1 - 41% - 43% - 22:42
2 - 34% - 37% - 18:53
3 - 24% - 20% - 13:07
4 - 1% - 0% - 0:49
PP Forward
1 - 33% - 62% - 0:39
2 - 67% - 38% - 1:20
PP Defense
1 - 33% - 57% - 0:39
2 - 67% - 43% - 1:20
PK Forward
1 - 100% - 55% - 0:31
2 - 0% - 45% - 0:00
PK Defense
1 - 100% - 55% - 0:31
2 - 0% - 45% - 0:00
PK3 Forward
1 - 0% - 55%
2 - 0% - 45%
PK3 Defense
1 - 0% - 55%
2 - 0% - 45%
44 Forward
1 - 66% - 55% - 1:19
2 - 34% - 45% - 0:40
44 Defense
1 - 55% - 55% - 1:06
2 - 45% - 45% - 0:53
Last Minute Offensive  - 0:00
Last Minute Defensive  - 0:00
Total
Forward - 60:00
Defense - 60:00
Play-by-Play 1st period 0:01 of 1st period - Aleksander Barkov wins face-off versus Joonas Donskoi in neutral zone. 0:08 of 1st period - Shot by Jonathan Huberdeau. 0:08 of 1st period - Stopped by Martin Jones without a rebound. 0:09 of 1st period - Leon Draisaitl wins face-off versus Claude Giroux in ANCHORAGE ACES zone. 0:56 of 1st period - Shot by Leon Draisaitl. 0:56 of 1st period - Stopped by Andrei Vasilevskiy without a rebound. 0:57 of 1st period - Tyler Bozak wins face-off versus Aleksander Barkov in SACRAMENTO BANDITS zone. 1:08 of 1st period - John Carlson is hit by Josh Archibald and loses puck. 1:56 of 1st period - Kevin Connauton is hit by Josh Archibald. 2:08 of 1st period - Shot by Nathan MacKinnon. 2:08 of 1st period - Stopped by Andrei Vasilevskiy without a rebound. 2:09 of 1st period - Nathan MacKinnon wins face-off versus Scott Laughton in SACRAMENTO BANDITS zone. 3:34 of 1st period - Icing by Jacob Trouba. 3:35 of 1st period - Claude Giroux wins face-off versus Nathan MacKinnon in ANCHORAGE ACES zone. 3:36 of 1st period - Shot by Nick Schmaltz. 3:36 of 1st period - Shot Blocked by Ryan Suter. 3:38 of 1st period - Shot by Claude Giroux. 3:38 of 1st period - Goal by Claude Giroux - ANCHORAGE ACES : 0 - SACRAMENTO BANDITS : 1. 3:39 of 1st period - Leon Draisaitl wins face-off versus Jonathan Huberdeau in neutral zone. 3:42 of 1st period - Shot by Chris Kreider. 3:42 of 1st period - Shot Misses the Net. 3:52 of 1st period - Shot by Jakob Silfverberg. 3:52 of 1st period - Stopped by Andrei Vasilevskiy with a rebound. 3:54 of 1st period - Shot by Darnell Nurse. 3:54 of 1st period - Shot Misses the Net. 4:23 of 1st period - Minor Penalty to Darnell Nurse for Hooking. 4:24 of 1st period - Tyler Bozak wins face-off versus Claude Giroux in ANCHORAGE ACES zone. 4:42 of 1st period - Shot by Vince Dunn. 4:42 of 1st period - Stopped by Martin Jones with a rebound. 4:44 of 1st period - Shot by Claude Giroux. 4:44 of 1st period - Stopped by Martin Jones without a rebound. 4:45 of 1st period - Tyler Bozak wins face-off versus Aleksander Barkov in ANCHORAGE ACES zone. 4:58 of 1st period - Shot by Jakub Voracek. 4:58 of 1st period - Shot Blocked by Ben Chiarot. 5:00 of 1st period - Shot by Mattias Ekholm. 5:00 of 1st period - Stopped by Martin Jones with a rebound. 6:26 of 1st period - Icing by Ivan Provorov. 6:27 of 1st period - Nathan MacKinnon wins face-off versus Scott Laughton in SACRAMENTO BANDITS zone. 6:41 of 1st period - Nathan MacKinnon is hit by Ivan Provorov and loses puck. 7:00 of 1st period - Shot by Connor McDavid. 7:00 of 1st period - Shot Misses the Net. 7:23 of 1st period - Jakob Silfverberg is hit by Ivan Provorov and loses puck. 7:28 of 1st period - Shot by Leon Draisaitl. 7:28 of 1st period - Stopped by Andrei Vasilevskiy with a rebound. 7:38 of 1st period - Shot by Leon Draisaitl. 7:38 of 1st period - Shot Misses the Net. 7:40 of 1st period - Shot by Jakob Silfverberg. 7:40 of 1st period - Stopped by Andrei Vasilevskiy without a rebound. 7:41 of 1st period - Aleksander Barkov wins face-off versus Tyler Bozak in SACRAMENTO BANDITS zone. 7:52 of 1st period - Shot by Jakub Voracek. 7:52 of 1st period - Shot Blocked by Darnell Nurse. 8:08 of 1st period - Shot by Jonathan Huberdeau. 8:08 of 1st period - Deflect By Jakub Voracek. 8:08 of 1st period - Goal by Jakub Voracek - ANCHORAGE ACES : 0 - SACRAMENTO BANDITS : 2. 8:09 of 1st period - Claude Giroux wins face-off versus Nate Thompson in neutral zone. 8:29 of 1st period - Shot by Nate Thompson. 8:29 of 1st period - Shot Misses the Net. 8:31 of 1st period - Shot by Ben Chiarot. 8:31 of 1st period - Stopped by Andrei Vasilevskiy without a rebound. 8:32 of 1st period - Aleksander Barkov wins face-off versus Leon Draisaitl in SACRAMENTO BANDITS zone. 9:01 of 1st period - Shot by Jonathan Huberdeau. 9:01 of 1st period - Stopped by Martin Jones with a rebound. 9:03 of 1st period - Shot by Mattias Ekholm. 9:03 of 1st period - Shot Misses the Net. 9:05 of 1st period - Shot by Aaron Ekblad. 9:05 of 1st period - Stopped by Martin Jones without a rebound. 9:06 of 1st period - Connor McDavid wins face-off versus Nick Schmaltz in ANCHORAGE ACES zone. 9:38 of 1st period - Shot by Claude Giroux. 9:38 of 1st period - Shot Misses the Net. 9:40 of 1st period - Shot by John Carlson. 9:40 of 1st period - Shot Misses the Net. 9:42 of 1st period - Shot by Nick Schmaltz. 9:42 of 1st period - Stopped by Martin Jones without a rebound. 9:43 of 1st period - Jordan Martinook wins face-off versus Tyler Bozak in ANCHORAGE ACES zone. 10:09 of 1st period - Shot by Jordan Martinook. 10:09 of 1st period - Stopped by Martin Jones without a rebound. 10:10 of 1st period - Aleksander Barkov wins face-off versus Leon Draisaitl in ANCHORAGE ACES zone. 10:10 of 1st period - Jonathan Huberdeau is hit by Deryk Engelland and loses puck. 10:18 of 1st period - Icing by Darnell Nurse. 10:19 of 1st period - Leon Draisaitl wins face-off versus Claude Giroux in ANCHORAGE ACES zone. 10:19 of 1st period - Leon Draisaitl is hit by Jamie Benn. 10:43 of 1st period - Shot by Jakob Silfverberg. 10:43 of 1st period - Deflect By Leon Draisaitl. 10:43 of 1st period - Stopped by Andrei Vasilevskiy without a rebound. 10:44 of 1st period - Aleksander Barkov wins face-off versus Nathan MacKinnon in SACRAMENTO BANDITS zone. 11:15 of 1st period - Shot by Connor McDavid. 11:15 of 1st period - Stopped by Andrei Vasilevskiy without a rebound. 11:16 of 1st period - Claude Giroux wins face-off versus Tyler Bozak in SACRAMENTO BANDITS zone. 11:21 of 1st period - Josh Archibald is hit by Jamie Benn and loses puck. 13:12 of 1st period - Icing by Niklas Hjalmarsson. 13:13 of 1st period - Jordan Martinook wins face-off versus Chris Kreider in ANCHORAGE ACES zone. 13:22 of 1st period - Shot by Jordan Martinook. 13:22 of 1st period - Shot Misses the Net. 14:05 of 1st period - Icing by Niklas Hjalmarsson. 14:06 of 1st period - Claude Giroux wins face-off versus Leon Draisaitl in ANCHORAGE ACES zone. 14:13 of 1st period - Shot by Claude Giroux. 14:13 of 1st period - Shot Blocked by Niklas Hjalmarsson. 14:15 of 1st period - Shot by Nick Schmaltz. 14:15 of 1st period - Shot Misses the Net. 14:31 of 1st period - Shot by Nick Schmaltz. 14:31 of 1st period - Shot Blocked by Ben Chiarot. 14:33 of 1st period - Shot by Nick Schmaltz. 14:33 of 1st period - Deflect By Jamie Benn. 14:33 of 1st period - Shot Blocked by Niklas Hjalmarsson. 15:26 of 1st period - Shot by Connor McDavid. 15:26 of 1st period - Goal by Connor McDavid - ANCHORAGE ACES : 1 - SACRAMENTO BANDITS : 2. 15:27 of 1st period - Jordan Martinook wins face-off versus Tyler Bozak in neutral zone. 15:53 of 1st period - Minor Penalty to Jordan Martinook for Boarding. 15:53 of 1st period - Minor Penalty to Ryan Suter for Hooking. 15:54 of 1st period - Nathan MacKinnon wins face-off versus Aleksander Barkov in ANCHORAGE ACES zone. 16:19 of 1st period - Shot by Nathan MacKinnon. 16:19 of 1st period - Stopped by Andrei Vasilevskiy without a rebound. 16:20 of 1st period - Aleksander Barkov wins face-off versus Nathan MacKinnon in SACRAMENTO BANDITS zone. 16:22 of 1st period - Icing by Clayton Keller. 16:23 of 1st period - Aleksander Barkov wins face-off versus Nathan MacKinnon in SACRAMENTO BANDITS zone. 17:18 of 1st period - Nick Schmaltz is hit by Darnell Nurse and loses puck. 18:14 of 1st period - Off-side. 18:15 of 1st period - Aleksander Barkov wins face-off versus Tyler Bozak in neutral zone. 18:36 of 1st period - Shot by John Carlson. 18:36 of 1st period - Shot Blocked by Darnell Nurse. 18:38 of 1st period - Shot by John Carlson. 18:38 of 1st period - Shot Misses the Net. 18:40 of 1st period - Shot by Ivan Provorov. 18:40 of 1st period - Shot Blocked by Deryk Engelland. 18:42 of 1st period - Shot by John Carlson. 18:42 of 1st period - Goal by John Carlson - ANCHORAGE ACES : 1 - SACRAMENTO BANDITS : 3. 18:43 of 1st period - Claude Giroux wins face-off versus Joonas Donskoi in neutral zone. 19:03 of 1st period - Shot by Claude Giroux. 19:03 of 1st period - Shot Misses the Net. 19:11 of 1st period - Shot by Claude Giroux. 19:11 of 1st period - Shot Misses the Net. 19:13 of 1st period - Shot by Kevin Connauton. 19:13 of 1st period - Stopped by Martin Jones without a rebound. 19:14 of 1st period - Jordan Martinook wins face-off versus Leon Draisaitl in ANCHORAGE ACES zone. 19:17 of 1st period - Shot by Clayton Keller. 19:17 of 1st period - Stopped by Martin Jones with a rebound. 19:19 of 1st period - Shot by Aaron Ekblad. 19:19 of 1st period - Stopped by Martin Jones without a rebound. 19:20 of 1st period - Aleksander Barkov wins face-off versus Tyler Bozak in ANCHORAGE ACES zone. 19:30 of 1st period - Jonathan Huberdeau is hit by Ben Chiarot. 19:56 of 1st period - Shot by Jonathan Huberdeau. 19:56 of 1st period - Stopped by Martin Jones without a rebound. 19:57 of 1st period - Claude Giroux wins face-off versus Nathan MacKinnon in ANCHORAGE ACES zone. 19:58 of 1st period - Shot by Jamie Benn. 19:58 of 1st period - Stopped by Martin Jones without a rebound. 19:59 of 1st period - Connor McDavid wins face-off versus Jamie Benn in ANCHORAGE ACES zone. Goals for this period are 1 for ANCHORAGE ACES vs 3 for SACRAMENTO BANDITS. Shots for this period are 10 for ANCHORAGE ACES vs 16 for SACRAMENTO BANDITS. 2nd period 0:01 of 2nd period - Nathan MacKinnon wins face-off versus Claude Giroux in neutral zone. 0:05 of 2nd period - Connor McDavid is hit by Aaron Ekblad. 0:17 of 2nd period - Shot by Connor McDavid. 0:17 of 2nd period - Deflect By Nathan MacKinnon. 0:17 of 2nd period - Shot Hit the Post. 0:19 of 2nd period - Shot by Nathan MacKinnon. 0:19 of 2nd period - Stopped by Andrei Vasilevskiy without a rebound. 0:20 of 2nd period - Aleksander Barkov wins face-off versus Leon Draisaitl in SACRAMENTO BANDITS zone. 0:56 of 2nd period - Shot by Leon Draisaitl. 0:56 of 2nd period - Shot Misses the Net. 0:58 of 2nd period - Shot by Ryan Suter. 0:58 of 2nd period - Stopped by Andrei Vasilevskiy without a rebound. 0:59 of 2nd period - Connor McDavid wins face-off versus Claude Giroux in SACRAMENTO BANDITS zone. 1:30 of 2nd period - Shot by Nick Schmaltz. 1:30 of 2nd period - Stopped by Martin Jones without a rebound. 1:31 of 2nd period - Tyler Bozak wins face-off versus Jordan Martinook in ANCHORAGE ACES zone. 1:31 of 2nd period - Tyler Bozak is hit by Jordan Martinook. 1:43 of 2nd period - Shot by Tyler Bozak. 1:43 of 2nd period - Shot Misses the Net. 2:26 of 2nd period - Shot by Jakub Voracek. 2:26 of 2nd period - Shot Blocked by Ryan Suter. 2:32 of 2nd period - Shot by Jakub Voracek. 2:32 of 2nd period - Shot Misses the Net. 2:34 of 2nd period - Shot by Aaron Ekblad. 2:34 of 2nd period - Shot Misses the Net. 3:26 of 2nd period - Icing by Kevin Connauton. 3:27 of 2nd period - Nathan MacKinnon wins face-off versus Claude Giroux in SACRAMENTO BANDITS zone. 3:30 of 2nd period - Shot by Connor McDavid. 3:30 of 2nd period - Shot Misses the Net. 3:42 of 2nd period - Shot by Jamie Benn. 3:42 of 2nd period - Shot Misses the Net. 3:44 of 2nd period - Shot by Nick Schmaltz. 3:44 of 2nd period - Shot Misses the Net. 3:58 of 2nd period - Shot by Claude Giroux. 3:58 of 2nd period - Deflect By Jamie Benn. 3:58 of 2nd period - Shot Misses the Net. 4:39 of 2nd period - Shot by Jakob Silfverberg. 4:39 of 2nd period - Stopped by Andrei Vasilevskiy without a rebound. 4:40 of 2nd period - Aleksander Barkov wins face-off versus Nate Thompson in SACRAMENTO BANDITS zone. 4:56 of 2nd period - Cal Clutterbuck is hit by Aaron Ekblad and loses puck. 5:01 of 2nd period - Shot by Nate Thompson. 5:01 of 2nd period - Stopped by Andrei Vasilevskiy with a rebound. 5:03 of 2nd period - Shot by Ben Chiarot. 5:03 of 2nd period - Shot Misses the Net. 5:05 of 2nd period - Shot by Niklas Hjalmarsson. 5:05 of 2nd period - Stopped by Andrei Vasilevskiy without a rebound. 5:06 of 2nd period - Leon Draisaitl wins face-off versus Jordan Martinook in SACRAMENTO BANDITS zone. 5:07 of 2nd period - Shot by Jakob Silfverberg. 5:07 of 2nd period - Stopped by Andrei Vasilevskiy with a rebound. 5:49 of 2nd period - Off-side. 5:50 of 2nd period - Nathan MacKinnon wins face-off versus Jakub Voracek in neutral zone. 6:07 of 2nd period - Shot by Nathan MacKinnon. 6:07 of 2nd period - Shot Misses the Net. 6:21 of 2nd period - Shot by Connor McDavid. 6:21 of 2nd period - Stopped by Andrei Vasilevskiy without a rebound. 6:22 of 2nd period - Claude Giroux wins face-off versus Nate Thompson in SACRAMENTO BANDITS zone. 6:22 of 2nd period - Claude Giroux is hit by Andrew Cogliano. 6:38 of 2nd period - Shot by Claude Giroux. 6:38 of 2nd period - Shot Misses the Net. 6:42 of 2nd period - Shot by Nick Schmaltz. 6:42 of 2nd period - Shot Misses the Net. 6:44 of 2nd period - Sh